 Dungeon Crawl Stone Soup version 0.31.0-12-g77e489cdc1 (webtiles) character file.

Game seed: 15343965086044998247

21 lordive the Grasshopper (level 2, 0/14 HPs)
             Began as a Spriggan Warper on Feb 29, 2024.
             Slain by a kobold
             ... wielding a +1 dagger of venom
              (4 damage)
             ... on level 1 of the Dungeon.
             The game lasted 00:00:43 (543 turns).

lordive the Grasshopper (Spriggan Warper)            Turns: 543, Time: 00:00:43

Health: 0/14       AC:  2    Str:  7    XL:     2   Next: 65%
Magic:  6/6        EV: 18    Int: 14    God:
Gold:   18         SH:  0    Dex: 14    Spells: 6/6 levels left

rFire   . . .        a - +0 short sword
rCold   . . .        (no shield)
rNeg    . . .        b - +0 robe
rPois   .            (helmet restricted)
rElec   .            (no cloak)
rCorr   .            (gloves unavailable)
SInv    +            (boots unavailable)
Will    .....        (no amulet)
Stlth   +            (no ring)
HPRegen 0.22/turn    (no ring)
MPRegen 0.10/turn

%: no passive effects
@: lethally poisoned (0 -> -6), very quick
A: very small, no large weapons, unfitting armour, see invisible, speed 3
a: no special abilities


You were on level 1 of the Dungeon.
You visited 1 branch of the dungeon, and saw 1 of its levels.

You collected 18 gold pieces.

Inventory:

Hand Weapons
 a - a +0 short sword (weapon)
Missiles
 d - 7 darts of dispersal (quivered)
Armour
 b - a +0 robe (worn)
Scrolls
 c - a scroll of blinking
 e - a scroll of enchant armour {unknown}
 f - a scroll of poison {unknown}
Potions
 g - a potion of enlightenment {unknown}


   Skills:
 + Level 1.6 Fighting
 + Level 2.6 Short Blades
 + Level 1.0 Throwing
 + Level 3.6 Dodging
 + Level 2.8 Spellcasting
 + Level 5.0 Translocations


You had 6 spell levels left.
You didn't know any spells.
Your spell library contained the following spells:

 Spells                   Type           Power      Damage    Failure   Level
 Blink                    Tloc           32%        N/A       4%          2
 Lesser Beckoning         Tloc           32%        N/A       4%          2
 Teleport Other           Tloc           16%        N/A       9%          3
 Manifold Assault         Tloc           16%        N/A       28%         4
 Vhi's Electric Charge    Tloc/Air       18%        N/A       61%         4


Dungeon Overview and Level Annotations

Branches:
Dungeon (1/15)

Altars:


Innate Abilities, Weirdness & Mutations

You are very small and have problems with some larger weapons.
You are too small for most types of armour.
You have supernaturally acute eyesight. (SInv)
You cover ground extremely quickly. (Speed+++)


Message History

Found a dagger.
There are monsters nearby!
The kobold shouts! x2
There is an open door here.
The kobold closely misses you.
You closely miss the kobold. The kobold misses you.
You closely miss the kobold. The kobold hits you with a +0 club.
You barely miss the kobold. The kobold barely misses you.
The kobold closely misses you.
You closely miss the kobold. You hit the kobold but do no damage.
The kobold hits you with a +1 dagger of venom.
You are lethally poisoned!
The kobold misses you.
You hit the kobold but do no damage.
You feel sick.
The kobold hits you with a +1 dagger of venom.
The kobold hits you but does no damage.
You are too injured to fight recklessly!
You are too injured to fight recklessly!
You are too injured to fight recklessly!
You are too injured to fight recklessly!
You are too injured to fight recklessly!
You are too injured to fight recklessly!
You are too injured to fight recklessly!
You are too injured to fight recklessly!
You are too injured to fight recklessly!
You are too injured to fight recklessly!
You are too injured to fight recklessly!
You are too injured to fight recklessly!
You are too injured to fight recklessly!
You are too injured to fight recklessly!
You are too injured to fight recklessly!
You are too injured to fight recklessly!
You are too injured to fight recklessly!
You are too injured to fight recklessly!
Unknown command.
* * * LOW HITPOINT WARNING * * *
You feel sick.
The kobold throws a stone.
The stone misses you.
The kobold hits you with a +1 dagger of venom.
You die...

#...##'#########
#...##.........#.....#
#.†.##.........#.....#
...###.....†...#.....#
#### #.........#.....#
#.........#.....# #
#.........#.....#
######.........#.....#
'..............'@....+
#######........#.K)..#
# #........#.K...#
#### #........#.....#
...# #........#.....#
##.# ################
.#.# .#.#
.#'##########


You could see 2 kobolds.

Vanquished Creatures
  A dart slug (D:1)
  2 endoplasms (D:1)
  A giant cockroach (D:1)
  3 goblins (D:1)
  A hobgoblin (D:1)
  A quokka (D:1)
  2 ball pythons (D:1)
  3 bats (D:1)
  A frilled lizard (D:1)
  A kobold (D:1)
  3 rats (D:1)
19 creatures vanquished.

Notes
Turn   | Place    | Note
-------+----------+-------------------------------------------
     0 | D:1      | lordive the Spriggan Warper began the quest for the Orb.
     0 | D:1      | Reached XP level 1. HP: 10/10 MP: 5/5
   154 | D:1      | Found a faded altar of an unknown god.
   182 | D:1      | Reached XP level 2. HP: 7/14 MP: 6/6
   342 | D:1      | Reached skill level 5 in Translocations
   543 | D:1      | Slain by a kobold

Illustrated notes

Levels and vault maps discovered:
D:1:      evilmike_arrival_crescent, layout_basic,
          shapermc_ecumenical_altar_acropolis, chequers_serial_rivers_room_b

Skill      XL: |  1  2 |
---------------+-------+-----
Translocations | 5 |  5.0
Fighting       | |  1.6
Short Blades   | |  2.6
Throwing       | |  1.0
Dodging        | |  3.6
Spellcasting   | |  2.8

Action                     || total
---------------------------++-------
  Melee: Short sword       ||    90
   Stab: Sleeping          ||     1
 Armour: Robe              ||    30
  Dodge: Dodged            ||    59
